 Dungeon Crawl Stone Soup version 0.23-a0-49-gd9f7a49668 (webtiles) character file.

92 Flugkiller the Grave Robber (level 4, -6/36 HPs)
             Began as a Ghoul Necromancer on Aug 5, 2018.
             Killed from afar by an orc wizard (9 damage)
             ... with a magic dart
             ... on level 3 of the Dungeon.
             The game lasted 00:04:27 (2879 turns).

Flugkiller the Grave Robber (Ghoul Necromancer)     Turns: 2879, Time: 00:04:28

Health: -6/36      AC:  6    Str: 11    XL:     4   Next: 60%
Magic:  1/6        EV: 12    Int: 11    God:
Gold:   137        SH:  0    Dex:  9    Spells: 5/7 levels left

rFire    + . .     SeeInvis .     - Unarmed
rCold    + . .     Gourm    .   (no shield)
rNeg     + + +     Faith    .   a - +0 robe
rPois    ∞         Spirit   .   (no helmet)
rElec    .         Reflect  .   (no cloak)
rCorr    .         Harm     .   i - +2 pair of gloves
MR       .....                  b - +0 pair of boots
Stlth    ++........             (no amulet)
HPRegen  0.00/turn              o - ring of protection from fire
MPRegen  0.10/turn              (no ring)

@: very slightly contaminated, rotting
A: rotting body, claws 1, carnivore, cold resistance 1, negative energy
resistance 3, inhibited regeneration, torment resistance, unbreathing
a: no special abilities


You were on level 3 of the Dungeon.
You were not hungry.

You visited 1 branch of the dungeon, and saw 3 of its levels.

You collected 137 gold pieces.

Inventory:

Armour
 a - a +0 robe (worn)
 b - a +0 pair of boots (worn)
 i - a +2 pair of gloves (worn)
Jewellery
 d - a cursed amulet of inaccuracy {unknown}
 o - a ring of protection from fire (left hand)
Scrolls
 e - a scroll of identify {unknown}
 g - 2 scrolls of enchant armour {unknown}
 j - a scroll of magic mapping {unknown}
 k - a scroll of noise {unknown}
 p - a scroll of random uselessness {unknown}
Potions
 f - a potion of flight {unknown}
 h - a potion of invisibility {unknown}
 l - 3 potions of curing {unknown}
 n - 3 potions of agility {unknown}
Comestibles
 c - 6 rations
 m - 2 chunks of flesh


   Skills:
 + Level 2.0 Fighting
 - Level 1.7 Dodging
 - Level 2.1 Stealth
 + Level 2.0 Unarmed Combat
 + Level 2.4 Spellcasting
 + Level 4.5 Necromancy


You had 5 spell levels left.
You knew the following spells:

 Your Spells              Type           Power        Failure   Level  Hunger
a - Pain                  Necr           ##..         4%          1    ##.....
b - Animate Skeleton      Necr           N/A          4%          1    ##.....

Your spell library contained the following spells:

 Spells                   Type           Power        Failure   Level  Hunger
 Animate Dead             Necr           N/A          41%         4    #####..
 Vampiric Draining        Necr           ##........   13%         3    ####...
 Regeneration             Chrm/Necr      #.........   32%         3    ####...


Dungeon Overview and Level Annotations

Branches:
Dungeon (3/15)

Altars:
Sif Muna


Innate Abilities, Weirdness & Mutations

Your body is rotting away.
You thrive on raw meat.
You are immune to poison.
You have sharp fingernails.
You are carnivorous and can eat meat at any time.
Your flesh is cold resistant. (rC+)
You are immune to negative energy. (rN+++)
You do not regenerate when monsters are visible.
You are immune to unholy pain and torment.
You can survive without breathing.


Message History

The orc wizard is heavily wounded.
The orc wizard hits you with a dagger.
Casting: Pain (safe; 4% risk of failure)
Confirm with . or Enter, or press ? or * to list all spells.
Aiming: Pain (safe; 4% risk of failure)
Press: ? - help, Shift-Dir - straight line, f - orc wizard
Aim: an orc wizard, wielding a dagger and wearing a robe (heavily wounded, fast, chance to defeat MR: 66%)
The orc wizard writhes in agony!
The orc wizard casts a spell at you. The magic dart hits you!
* * * LOW HITPOINT WARNING * * *
Casting: Pain (safe; 4% risk of failure)
Confirm with . or Enter, or press ? or * to list all spells.
Aiming: Pain (safe; 4% risk of failure)
Press: ? - help, Shift-Dir - straight line, f/p - orc wizard
Aim: an orc wizard, wielding a dagger and wearing a robe (severely wounded, fast, chance to defeat MR: 66%)
The orc wizard writhes in agony!
The orc wizard barely misses you.
The orc wizard points at you and mumbles some strange words.
The magic dart hits you!
You die...

. ...
##############....>
.....(.>(..@oo.....
##########(##########.
#..........#
#.......#..#
#######.#..#######
...........(......
#######.#.......#
#.#.......#
#.#.......#


You could see an orc wizard and an orc.

Vanquished Creatures
  An adder (D:2)
  2 worms
  2 dart slugs
  5 leopard geckos
  10 orcs (D:3)
  8 bats
  4 giant cockroaches
  5 goblins
  2 hobgoblins (D:2)
  2 jackals (D:2)
  7 kobolds
  A frilled lizard (D:2)
  5 rats
54 creatures vanquished.

Notes
Turn   | Place    | Note
-------+----------+-------------------------------------------
     0 | D:1      | Flugkiller the Ghoul Necromancer began the quest for the Orb.
     0 | D:1      | Reached XP level 1. HP: 14/14 MP: 2/2
   512 | D:1      | Reached XP level 2. HP: 21/21 MP: 1/3
   937 | D:1      | Reached skill level 1 in Unarmed Combat
   947 | D:1      | Reached skill level 1 in Fighting
  1210 | D:1      | Learned a level 1 spell: Animate Skeleton
  1231 | D:2      | Reached XP level 3. HP: 27/28 MP: 1/5
  2186 | D:2      | Reached XP level 4. HP: 33/36 MP: 0/6
  2716 | D:3      | Found a deep blue altar of Sif Muna.
  2879 | D:3      | Killed from afar by an orc wizard

Vault maps used:
D:1:      minmay_arrival_split_and_join
D:2:      kennysheep_generic_room_2
D:3:      marbit_many_paths

Skill      XL: |  1  2  3  4 |
---------------+-------------+-----
Spellcasting   | 2 |  2.4
Unarmed Combat | 1 2 |  2.0
Fighting       | 1 2 |  2.0
Dodging        | |  1.7
Stealth        | |  2.1
Necromancy     | |  4.5

Action                   |  1- 3 |  4- 6 || total
-------------------------+-------+-------++-------
Melee: Unarmed           |    96 |    72 ||   168
       Punch             |       |     1 ||     1
 Cast: Pain              |    64 |    31 ||    95
       Animate Skeleton  |     1 |       ||     1
  Eat: Chunk             |     5 |     6 ||    11
Armor: Robe              |    29 |    18 ||    47
Dodge: Dodged            |    74 |    42 ||   116

Table legend:
 A = Spawn XP
 B = Non-spawn XP
 C = Spawn XP percentage of total XP
 D = Spawn monster count
 E = Non-spawn monster count
 F = Spawn count percentage of total count
 G = Total turns spent on level
                    A         B        C        D         E        F      G
               +---------+---------+-------+---------+---------+-------+---------
         Total |       0 |     132 |   0.0 |       0 |      54 |   0.0 |  2879
               +---------+---------+-------+---------+---------+-------+---------
           D:1 |       0 |      28 |   0.0 |       0 |      14 |   0.0 |  1381
           D:2 |       0 |      62 |   0.0 |       0 |      25 |   0.0 |  1034
           D:3 |       0 |      42 |   0.0 |       0 |      15 |   0.0 |   464
               +---------+---------+-------+---------+---------+-------+---------
